Map: Pylon LE

Players

MisterFister - Winner!

  • Race: Terran Terran
  • League: Diamond
  • Spawn Location: 5:00

PrinceAbubu

  • Race: Zerg Zerg
  • League: Diamond
  • Spawn Location: 11:00

VOD

Have the link to the VOD?

Description

Time

  • Played on: Oct. 28, 2025, 6:47 p.m.
  • Length: 3:11
Show
View Real Time Build Order
Export as new Build Order

MisterFister Terran - Winner!

Build Orders:  

Get SALT Encoding   

  12  0:00  SCV  
  13  0:18  Supply Depot  
  13  0:41  Barracks  
  13  0:45  Barracks  
  13  1:04  Barracks  
  13  1:28  Marine  
  13  1:30  Barracks  
  14  1:32  Marine  
  15  1:46  Marine  
  16  1:48  Supply Depot  
  16  1:50  Marine  
  16  1:51  Marine  
  18  2:04  Marine  
  19  2:11  Bunker  
  19  2:15  Marine  
  20  2:28  Marine x2  
  22  2:34  Marine x2  
  24  2:50  Marine x2  
  26  2:52  Marine  
Show
View Real Time Build Order
Export as new Build Order

PrinceAbubu Zerg 

Build Orders: Hatch First 

Get SALT Encoding   

  12  0:00  Drone  
  13  0:08  Drone  
  14  0:14  Extractor  
  14  0:15  Drone  
  15  0:24  Overlord  
  15  0:43  Drone  
  15  0:46  Hatchery  
  15  0:49  Drone  
  16  0:54  Drone  
  16  0:56  Drone  
  18  1:09  Extractor  
  17  1:12  Spawning Pool  
  17  1:15  Drone  
  17  1:18  Drone  
  18  1:26  Drone  
  19  1:38  Drone  
  20  2:00  Spine Crawler, Zergling x6  
  22  2:04  Queen x2  
  26  2:10  Spine Crawler  
  26  2:15  Overlord  
  23  2:37  Zergling x8  
  27  2:48  Overlord x2  
Tags
 
Matchup
TvZ
Spawn Locations
Cross Positions
Add a new tag
Caveats
  • Supply blocks, unpowered buildings, or Contaminate may cause inaccurate times.
  • Supply counts are checked every 10 seconds.